 Dungeon Sprint DCSS version 0.18-a0-1180-g64ccc1e (webtiles) character file.

2200000 namelastname112 the Sensei (level 16, -8/141 HPs)
             Began as a Demonspawn Gladiator on Jan 27, 2016.
             Was a Priest of Makhleb.
             Mangled by a bag of meat
             ... wielding a +9 war axe
              (17 damage)
             ... in the Dungeon (Sprint VIII: "Arena of Blood").
             The game lasted 00:01:01 (22 turns).

namelastname112 the Sensei (Demonspawn Gladiator)     Turns: 22, Time: 00:01:01

Health: -8/141     AC:  3    Str: 16    XL:     16   Next: 21%
Magic:  16/16      EV: 35    Int:  9    God:    Makhleb [***...]
Gold:   0          SH:  0    Dex: 21    Spells: 0 memorised, 15 levels left

rFire  . . .     SeeInvis .     k - +∞ Axe of Woe
rCold  . . .     Gourm    .     a - +0 leather armour
rNeg   . . .     Faith    .     (shield currently unavailable)
rPois  .         Spirit   .     (helmet unavailable)
rElec  .         Dismiss  .     (no cloak)
rCorr  .         Reflect  .     (gloves unavailable)
SustAt .         Harm     .     (no boots)
MR     +....     NoTele   +     (no amulet)
Stlth  +.........               (no ring)
                                (no ring)

@: somewhat resistant to hostile enchantments, very unstealthy
A: claws 3, hooves 2, horns 3, spiny 3, rot immunity
a: Minor Destruction, Lesser Servant of Makhleb, Renounce Religion


You were in the Dungeon.
You worshipped Makhleb.
Makhleb was most pleased with you.
You were not hungry.

You visited 1 branch

Inventory:

Hand Weapons
 k - the +∞ Axe of Woe (weapon)
   (You found it in the Dungeon)
Missiles
 c - 3 throwing nets (quivered)
Armour
 a - a +0 leather armour (worn)
 b - a +0 helmet
Scrolls
 j - a scroll of blinking
Potions
 e - a potion of curing
 f - a potion of heal wounds
 g - a potion of haste
 h - 2 potions of magic
 i - a potion of berserk rage
Comestibles
 d - a bread ration


   Skills:
 + Level 17.4 Fighting
 + Level 6.2 Axes
 + Level 14.9 Throwing
 + Level 0.8 Armour
 + Level 25.7 Dodging
 + Level 25.8 Unarmed Combat


You had 15 spell levels left.
You didn't know any spells.

Dungeon Overview and Level Annotations

Branches:
Dungeon (1/1)

Altars:
Makhleb


Innate Abilities, Weirdness & Mutations

You have claws for hands.
You have hoof-like feet.
You have a pair of large horns on your head.
You are completely covered in sharp spines.
You are immune to rotting.


Message History

Makhleb accepts your kill.
You feel better.
Your Fighting skill increases to level 17!
Your Axes skill increases to level 6!
You have reached level 16!
You feel stronger.
Your demonic ancestry asserts itself...
Your hands twist into claws.
You are engulfed in roaring flames.
You hear a shout! x5
The meat berserker is engulfed in roaring flames.
You hear a shout! x4
The bag of meat moves out of view.
The meat berserker is engulfed in roaring flames.
The meat berserker is struck by your spines.
The meat berserker hits you with a +9 battleaxe!!!
* * * LOW HITPOINT WARNING * * *
You hear a shout! x2
The bag of meat is struck by your spines.
The bag of meat hits you with a +9 war axe!
You die...

...oo .. #...
.# . #... ..#
..###..o ..###.
.....o###......
...C._......
#o....# #@§<._#
#O§..O#
..§§§_......
......###.C....
.o###... ..###.
. #... ..# #...
.# ..... ..


You could see 2 large bags of meat, 2 meat berserkers and 5 bags of meat.

Vanquished Creatures
  An ogre (D)
  6 orcs (D)
  A hill giant (D)
8 creatures vanquished.

Notes
Turn   | Place    | Note
--------------------------------------------------------------
     0 | D        | namelastname112 the Demonspawn Gladiator began the quest for the Orb.
     0 | D        | Reached XP level 1. HP: 16/16 MP: 1/1
     3 | D        | Noticed a bag of meat
     3 | D        | Noticed a bag of meat
     4 | D        | Became a worshipper of Makhleb the Destroyer
     7 | D        | Killed a bag of meat
     7 | D        | Reached skill level 10 in Fighting
     7 | D        | Reached skill level 16 in Dodging
     7 | D        | Gained mutation: You have sharp fingernails. [demonic ancestry]
     7 | D        | Reached XP level 2. HP: 19/36 MP: 2/2
     7 | D        | Gained mutation: You have large cloven feet. [demonic ancestry]
     7 | D        | Reached XP level 3. HP: 22/42 MP: 3/3
     7 | D        | Gained mutation: You are partially covered in sharp spines. [demonic ancestry]
     7 | D        | Reached XP level 4. HP: 25/49 MP: 4/4
     7 | D        | Gained mutation: You have a pair of small horns on your head. [demonic ancestry]
     7 | D        | Reached XP level 5. HP: 27/54 MP: 5/5
     7 | D        | Gained mutation: You are mostly covered in sharp spines. [demonic ancestry]
     7 | D        | Reached XP level 6. HP: 30/61 MP: 6/6
     7 | D        | Reached XP level 7. HP: 32/67 MP: 7/7
     7 | D        | Gained mutation: You have a pair of horns on your head. [demonic ancestry]
     7 | D        | Reached XP level 8. HP: 35/74 MP: 8/8
     7 | D        | Gained mutation: You have hoof-like feet. [demonic ancestry]
     7 | D        | Reached XP level 9. HP: 37/79 MP: 9/9
     7 | D        | Gained mutation: You are immune to rotting. [demonic ancestry]
     7 | D        | Reached XP level 10. HP: 40/86 MP: 10/10
     7 | D        | Gained mutation: You have a pair of large horns on your head. [demonic ancestry]
     7 | D        | Reached XP level 11. HP: 42/92 MP: 11/11
     8 | D        | Noticed a bag of meat
     9 | D        | Noticed a bag of meat
     9 | D        | Noticed a meat berserker
    11 | D        | Killed a bag of meat
    11 | D        | Reached * piety under Makhleb
    11 | D        | Reached skill level 10 in Throwing
    11 | D        | Reached skill level 18 in Dodging
    11 | D        | Gained mutation: You are completely covered in sharp spines. [demonic ancestry]
    11 | D        | Reached XP level 12. HP: 46/102 MP: 12/12
    12 | D        | Noticed a bag of meat
    12 | D        | Killed a meat berserker
    12 | D        | Reached skill level 1 in Axes
    12 | D        | Reached skill level 21 in Dodging
    12 | D        | Reached XP level 13. HP: 107/113 MP: 13/13
    12 | D        | Gained mutation: You have very sharp fingernails. [demonic ancestry]
    12 | D        | Reached XP level 14. HP: 113/120 MP: 14/14
    12 | D        | Killed a bag of meat
    12 | D        | Reached ** piety under Makhleb
    12 | D        | Reached skill level 15 in Fighting
    12 | D        | Reached skill level 22 in Dodging
    15 | D        | Killed a bag of meat
    15 | D        | Reached skill level 23 in Dodging
    15 | D        | Reached XP level 15. HP: 128/130 MP: 15/15
    19 | D        | Noticed a large bag of meat
    20 | D        | Noticed a large bag of meat
    20 | D        | Killed a large bag of meat
    20 | D        | Reached *** piety under Makhleb
    20 | D        | Reached skill level 24 in Dodging
    21 | D        | Noticed a meat berserker
    21 | D        | Noticed a large bag of meat
    21 | D        | Reached skill level 5 in Axes
    21 | D        | Reached skill level 25 in Dodging
    22 | D        | Noticed a meat berserker
    22 | D        | Gained mutation: You have claws for hands. [demonic ancestry]
    22 | D        | Reached XP level 16. HP: 98/141 MP: 16/16
    22 | D        | Mangled by a bag of meat

Vault maps used:
D:        meatsprint

Action                   |  1- 3 |  4- 6 |  7- 9 | 10-12 | 13-15 | 16-18 || total
-------------------------+-------+-------+-------+-------+-------+-------++-------
Melee: Executioner's axe |     1 |       |       |     2 |     4 |       ||     7
